 Dungeon Crawl Stone Soup version 0.24.0-13-gcf9b319 (webtiles) character file.

Game seed: 13440668913475336054, levelgen mode: deterministic

8862 Fang the Fighter (level 11, -3/72 HPs)
             Began as a Gargoyle Berserker on Nov 25, 2019.
             Was an Elder of Trog.
             Slain by a 16-headed hydra (6 damage)
             ... on level 11 of the Dungeon.
             The game lasted 00:13:54 (9808 turns).

Fang the Fighter (Gargoyle Berserker)               Turns: 9808, Time: 00:13:55

Health: -3/72      AC: 25    Str: 25    XL:     11   Next: 37%
Magic:  0/11       EV:  5    Int:  7    God:    Trog [****..]
Gold:   573        SH: 12    Dex:  9    Spells: 10/10 levels left

rFire    . . .     SeeInvis +   a - +1 hand axe
rCold    . . .     Gourm    .   x - +0 large shield
rNeg     + . .     Faith    .   b - +1 plate armour
rPois    ∞         Spirit   +   B - +1 helmet of Zoot {rPois}
rElec    +         Reflect  .   (no cloak)
rCorr    .         Harm     .   (no gloves)
MR       .....                  (no boots)
Stlth    ..........             o - amulet of guardian spirit
HPRegen  0.22/turn              r - ring of see invisible
MPRegen  0.12/turn              (no ring)

@: berserk cooldown, slowed, very slow
A: negative energy resistance 1, electricity resistance, unbreathing,
petrification resistance, rot immunity, AC +8
a: Berserk, Trog's Hand, Brothers in Arms, Renounce Religion


You were on level 11 of the Dungeon.
You worshipped Trog.
Trog was greatly pleased with you.
You were near starving.

You visited 2 branches of the dungeon, and saw 12 of its levels.

You collected 573 gold pieces.

Inventory:

Hand Weapons
 a - a +1 hand axe (weapon)
Armour
 b - a +1 plate armour (worn)
 x - a +0 large shield (worn)
 B - the +1 helmet of Zoot (worn) {rPois}
   (You found it on level 6 of the Dungeon)

   It protects you from poison.
Jewellery
 n - an uncursed amulet of the gourmand
 o - an amulet of guardian spirit (around neck)
 r - a ring of see invisible (left hand)
 u - a +5 ring of evasion
 D - an uncursed ring of magical power {unknown}
Wands
 g - a wand of polymorph (1)
 s - a wand of paralysis (9)
 w - a wand of disintegration (20)
Scrolls
 d - 13 scrolls of identify
 h - 4 scrolls of amnesia
 j - 3 scrolls of magic mapping {unknown}
 l - a scroll of immolation {unknown}
 t - 2 scrolls of enchant weapon
 v - 3 scrolls of teleportation
 y - a scroll of summoning {unknown}
 F - a scroll of acquirement {unknown}
 G - 2 scrolls of fear {unknown}
Potions
 e - 3 potions of might
 f - 2 potions of ambrosia {unknown}
 i - 5 potions of flight {unknown}
 k - 2 potions of lignification {unknown}
 m - a potion of mutation {unknown}
 p - 2 potions of curing
 q - a potion of heal wounds {unknown}
 z - 2 potions of agility {unknown}
 A - 3 potions of berserk rage {unknown}
 E - a potion of brilliance {unknown}
Comestibles
 c - 22 rations
 C - 10 chunks of flesh


   Skills:
 + Level 10.1 Fighting
 + Level 8.5 Axes
 + Level 9.8 Armour
 + Level 7.5 Dodging


You had 10 spell levels left.
You didn't know any spells.
Your spell library was empty.

Dungeon Overview and Level Annotations

Branches:
Dungeon (11/15)            Temple (1/1) D:6            Lair (0/6) D:10
    Orc (0/2) D:11

Altars:
Ashenzari
Cheibriados
Gozag
Makhleb
Qazlal
Beogh

Shops:
D:9 =   D:10 %

Annotations:
D:9 2 transporters, MetaCosm's ghost, novice TrFi


Innate Abilities, Weirdness & Mutations

You are resistant to torment.
Your stone body is resilient. (AC +8)
You are immune to poison.
You resist negative energy. (rN+)
You are resistant to electric shocks. (rElec)
You can survive without breathing.
You are immune to petrification.
You are immune to rotting.


Message History

The 16-headed hydra bites you but does no damage.
You block the 16-headed hydra's attack.
The 16-headed hydra bites you but does no damage. x2
You block the 16-headed hydra's attack.
The 16-headed hydra bites you but does no damage.
You block the 16-headed hydra's attack. The 16-headed hydra barely misses you.
The 16-headed hydra bites you but does no damage. x2
The 16-headed hydra bites you.
* * * LOW HITPOINT WARNING * * *
The 16-headed hydra bites you but does no damage. x2
The 16-headed hydra bites you.
* * * LOW HITPOINT WARNING * * *
Your troll goes berserk!
You feel quite a bit more hungry. Trog will no longer gift you weapons.
The 16-headed hydra bites you but does no damage.
The 16-headed hydra barely misses you.
The 16-headed hydra bites you but does no damage.
The 16-headed hydra bites you.
You die...

## .# #########.#
#@.T....#.#
#D###.###.#
#.........# ###
#####.##########..
#<............
#.#########... #..
#... #.## #.## #..
#.#


You could see a 16-headed hydra and a friendly troll (berserk).

Vanquished Creatures
  A centaur warrior (D:10)
  A two-headed ogre (D:9)
  Maurice (D:9)
  Psyche (D:9)
  A troll (D:10)
  3 hippogriffs (D:8)
  A spriggan (D:8)
  Grum (D:10)
  A steam dragon (D:10)
  3 hungry ghosts
  3 ice beasts
  4 orc warriors
  3 sky beasts
  A black bear (D:7)
  2 phantoms
  6 wolves
  4 ogres
  A necrophage (D:7)
  5 centaurs
  A big kobold (D:8)
  9 bullfrogs
  2 scorpions
  4 killer bees (D:8)
  An electric eel (D:10)
  3 crimson imps
  A howler monkey (D:7)
  9 hounds
  A bullfrog zombie (D:10)
  2 centaur skeletons
  4 orc priests
  3 bullfrog skeletons
  A jelly (D:8)
  2 orc wizards
  6 worker ants
  3 worker ant zombies
  13 adders
  2 shadow imps
  An adder skeleton (D:5)
  9 worms
  3 dart slugs
  7 leopard geckos
  19 orcs
  7 bats
  5 giant cockroaches
  16 goblins
  7 hobgoblins
  14 jackals
  A quokka (D:9)
  2 ball pythons (D:3)
  2 frilled lizards
  A jackal zombie (D:6)
  16 kobolds
  A leopard gecko skeleton (D:7)
  2 quokka skeletons
  7 rats
230 creatures vanquished.

Vanquished Creatures (collateral kills)
  The ghost of virulentus the Cudgeler, a novice TrGl (D:6)
  2 orc warriors (D:6)
  2 orc priests (D:6)
  8 orcs (D:6)
13 creatures vanquished.

Vanquished Creatures (others)
  An adder skeleton (D:10)
1 creature vanquished.

Grand Total: 244 creatures vanquished

Notes
Turn   | Place    | Note
-------+----------+-------------------------------------------
     0 | D:1      | Fang the Gargoyle Berserker began the quest for the Orb.
     0 | D:1      | Reached XP level 1. HP: 14/14 MP: 1/1
    42 | D:1      | Reached XP level 2. HP: 9/19 MP: 2/2
   222 | D:1      | Found a snail-covered altar of Cheibriados.
   460 | D:1      | Reached XP level 3. HP: 23/23 MP: 3/3
   516 | D:1      | Reached ** piety under Trog
   854 | D:2      | Reached XP level 4. HP: 23/29 MP: 4/4
   906 | D:2      | Found a burning altar of Makhleb.
   915 | D:2      | Reached skill level 4 in Fighting
  1509 | D:2      | Reached *** piety under Trog
  1509 | D:2      | Reached XP level 5. HP: 29/33 MP: 5/5
  1829 | D:3      | Found a faded altar of an unknown god.
  3030 | D:4      | Reached XP level 6. HP: 16/39 MP: 6/6
  3667 | D:5      | Entered Level 5 of the Dungeon
  3790 | D:5      | Reached skill level 5 in Fighting
  3790 | D:5      | Reached XP level 7. HP: 19/44 MP: 7/7
  4136 | D:5      | Reached **** piety under Trog
  4330 | D:5      | Reached skill level 5 in Armour
  4578 | D:5      | Found a stormy altar of Qazlal.
  4629 | D:6      | Found a staircase to the Ecumenical Temple.
  4642 | Temple   | Entered the Ecumenical Temple
  4658 | D:6      | Reached XP level 8. HP: 43/51 MP: 6/8
  4680 | D:6      | Reached skill level 6 in Fighting
  4685 | D:6      | Reached skill level 5 in Axes
  5502 | D:6      | Found a runed translucent gate.
  5503 | D:6      | Noticed virulentus's ghost (novice TrGl)
  5503 | D:6      | Found a runed translucent gate.
  5503 | D:6      | Identified the +3 scimitar "Appinn" {venom, *Noise +Inv
                  | Int+5}
  5504 | D:6      | Found a roughly hewn altar of Beogh.
  5504 | D:6      | Found a runed translucent gate.
  5740 | D:6      | Killed virulentus's ghost
  5740 | D:6      | Reached skill level 7 in Fighting
  5740 | D:6      | Reached XP level 9. HP: 57/57 MP: 9/9
  5742 | D:6      | Reached skill level 5 in Dodging
  5768 | D:6      | Got a brightly glowing helmet
  5774 | D:6      | Identified the +1 helmet of Zoot {rPois} (You found it on
                  | level 6 of the Dungeon)
  7007 | D:8      | Reached skill level 8 in Fighting
  7226 | D:8      | Reached XP level 10. HP: 59/64 MP: 7/10
  7731 | D:9      | Found Umputabb's Jewellery Shoppe.
  7755 | D:9      | Paralysed by fainting for 6 turns
  7823 | D:9      | Found a transporter.
  7823 | D:9      | Noticed MetaCosm's ghost (novice TrFi)
  7824 | D:9      | Noticed an unseen horror
  7827 | D:9      | Noticed a stone giant
  7888 | D:9      | Noticed a two-headed ogre
  7896 | D:9      | Killed a two-headed ogre
  7896 | D:9      | Reached skill level 9 in Fighting
  7976 | D:9      | Noticed Maurice
  8024 | D:9      | Killed Maurice
  8071 | D:9      | Noticed Psyche
  8089 | D:9      | Killed Psyche
  8145 | D:9      | Found a transporter.
  8369 | D:10     | Entered Level 10 of the Dungeon
  8597 | D:10     | Reached XP level 11. HP: 62/71 MP: 6/11
  8604 | D:10     | Reached ***** piety under Trog
  8676 | D:10     | Found a staircase to the Lair.
  8834 | D:10     | Noticed Grum
  8870 | D:10     | Killed Grum
  9269 | D:10     | Found Vuor's Food Shop.
  9476 | D:10     | Noticed a centaur warrior
  9495 | D:10     | Killed a centaur warrior
  9495 | D:10     | Reached skill level 10 in Fighting
  9647 | D:11     | Found a staircase to the Orcish Mines.
  9781 | D:11     | Noticed a six-headed hydra
  9807 | D:11     | HP: 2/72 [16-headed hydra (3)]
  9808 | D:11     | Slain by a 16-headed hydra

Levels and vault maps discovered:
D:1:      roderic_crossed_star, layout_basic, cheibriados_altar_1
D:2:      layout_rooms, old_standard_altar
D:3:      layout_basic, first_ration, chequers_ecumenical_altar_simple_redux
D:4:      layout_layer_cave
D:5:      layout_cave_pools, grunt_qazlal_sundering
D:6:      layout_basic, minmay_temple_entry_statues_pillars,
          biasface_ghost_orc_armoury
D:7:      layout_loops_corners
D:8:      layout_basic, the_bakery
D:9:      layout_irregular_city, gammafunk_ghost_arena, serial_shops,
          nicolae_shop_crystal, uniq_maurice, uniq_psyche
D:10:     layout_roguey, erik_lair_island, serial_shops, shop,
          kennysheep_path_1, uniq_grum
D:11:     minmay_statue_hallways, layout_basic, orc_0_dummy,
          nicolae_ru_sacrificial_ziggurat
Temple:   regret_index_temple_sigil_plot

Skill      XL: |  1  2  3  4  5  6  7  8  9 10 11 |
---------------+----------------------------------+-----
Axes           | 3 4 5 6 8 |  8.5
Dodging        | 2 3 4 6 7 |  7.5
Armour         | 3 4 5 6 7 9 |  9.8
Fighting       | 4 5 7 8 9 10 | 10.1

Action                   |  1- 3 |  4- 6 |  7- 9 | 10-12 || total
-------------------------+-------+-------+-------+-------++-------
Melee: Hand axe          |    86 |   284 |   545 |   550 ||  1465
       Unarmed           |       |       |       |    21 ||    21
Invok: Berserk           |       |     4 |     5 |     4 ||    13
       Brothers in Arms  |       |       |     2 |     2 ||     4
       Trog's Hand       |       |       |     1 |       ||     1
  Use: Scroll            |       |       |     8 |       ||     8
       Potion            |       |       |       |     1 ||     1
  Eat: Chunk             |       |    12 |    20 |    10 ||    42
       Ration            |       |       |     3 |     2 ||     5
Armor: Animal skin       |    14 |       |       |       ||    14
       Chain mail        |    27 |   186 |   180 |       ||   393
       Plate armour      |       |       |   259 |   487 ||   746
Dodge: Dodged            |    46 |   155 |   128 |   132 ||   461
Block: Large shield      |       |       |   357 |   415 ||   772
